 Dungeon Crawl Stone Soup version 0.27-a0-1186-g8b4daa1eef (webtiles) character file.

Game seed: 3619147200016828873

315 st0uf the Shield-Bearer (level 6, -4/38 HPs)
             Began as a Gargoyle Fighter on May 19, 2021.
             Slain by an ogre
             ... wielding a +0 giant spiked club
              (16 damage)
             ... on level 5 of the Dungeon.
             The game lasted 00:06:17 (3313 turns).

st0uf the Shield-Bearer (Gargoyle Fighter)          Turns: 3313, Time: 00:06:18

Health: -4/38      AC: 11    Str: 22    XL:     6   Next: 44%
Magic:  6/6        EV:  7    Int:  8    God:
Gold:   86         SH: 11    Dex:  9    Spells: 5/5 levels left

rFire    + + .     SeeInvis .   j - +0 mace
rCold    + + .     Faith    .   s - +2 shield of Resistance {rF++ rC++ Will++}
rNeg     + . .     Spirit   .   b - +0 scale mail
rPois    ∞         Reflect  .   (no helmet)
rElec    +         Harm     .   (no cloak)
rCorr    .         Rampage  .   (no gloves)
Will     ++...                  (no boots)
Stlth    ..........             (no amulet)
HPRegen  0.12/turn              (no ring)
MPRegen  0.10/turn              (no ring)

@: no status effects
A: sickness immunity, AC +4, negative energy resistance 1, electricity
resistance, torment resistance 1, petrification resistance
a: no special abilities


You were on level 5 of the Dungeon.
You visited 1 branch of the dungeon, and saw 5 of its levels.

You collected 86 gold pieces.

Inventory:

Hand Weapons
 j - a +0 mace (weapon)
Missiles
 e - 6 atropa-tipped darts (quivered)
 g - 108 stones
 m - 32 arrows
 q - 2 throwing nets
Armour
 b - a +0 scale mail (worn)
 c - a +0 kite shield
 s - the +2 shield of Resistance (worn) {rF++ rC++ Will++}
   (You found it on level 4 of the Dungeon)

   It greatly protects you from fire.
   It greatly protects you from cold.
   It greatly increases your willpower.
Scrolls
 a - 2 scrolls of teleportation {unknown}
 f - a scroll of magic mapping {unknown}
 h - a scroll of fog {unknown}
 i - 2 scrolls of blinking {unknown}
 l - 2 scrolls of amnesia {unknown}
 t - a scroll of torment {unknown}
 u - 2 scrolls of identify {unknown}
 v - a scroll of enchant armour {unknown}
 w - a scroll of holy word {unknown}
Potions
 d - 2 potions of might
 k - a potion of curing {unknown}
 n - a potion of attraction {unknown}
 o - 3 potions of heal wounds {unknown}
 p - 2 potions of flight {unknown}
 r - 2 potions of berserk rage {unknown}


   Skills:
 + Level 4.1 Fighting
 + Level 4.4 Maces & Flails
 + Level 4.5 Armour
 + Level 0.2 Stealth
 + Level 4.6 Shields


You had 5 spell levels left.
You didn't know any spells.
Your spell library contained the following spells:

 Spells                   Type           Power      Damage    Failure   Level
 Corona                   Hex            0%         N/A       99%         1
 Ensorcelled Hibernation  Hex/Ice        0%         N/A       99%         2
 Slow                     Hex            0%         N/A       99%         2
 Confusing Touch          Hex            0%         N/A       100%        3
 Dazzling Flash           Conj/Hex       0%         N/A       100%        3
 Inner Flame              Hex/Fire       0%         N/A       100%        3
 Portal Projectile        Hex/Tloc       0%         N/A       100%        3
 Tukima's Dance           Hex            0%         N/A       100%        3
 Cause Fear               Hex            0%         N/A       100%        4
 Leda's Liquefaction      Hex/Erth       0%         N/A       100%        4


Dungeon Overview and Level Annotations

Branches:
Dungeon (5/15)
 Temple: D:4-7

Altars:


Innate Abilities, Weirdness & Mutations

You are immune to sickness and miasma.
Your stone body is resilient. (AC +4)
You are immune to poison.
You resist negative energy. (rN+)
You are resistant to electric shocks. (rElec)
You are resistant to unholy torment.
You are immune to petrification.


Message History

You have reached level 6!
Your experience leads to an increase in your attributes!
Increase (S)trength, (I)ntelligence, or (D)exterity?
You feel stronger.
o - 3 silvery potions (gained 1)
You start resting.
HP restored.
You open the door.
There is an open door here.
You open the door.
Found 15 sling bullets.
There is an open door here.
An ogre comes into view. It is wielding a +0 giant spiked club.
The ogre shouts!
There is an open door here.
You start waiting.
An ogre is nearby!
You hit the ogre.
The ogre is lightly wounded.
The ogre hits you with a +0 giant spiked club!
You hit the ogre but do no damage.
The ogre is lightly wounded.
The ogre barely misses you.
You hit the ogre.
The ogre is lightly wounded.
You block the ogre's attack.
You sock the ogre!
The ogre is heavily wounded.
You block the ogre's attack.
You barely miss the ogre.
The ogre is heavily wounded.
The ogre hits you with a +0 giant spiked club!
You block the ogre's attack.
You hit the ogre but do no damage.
The ogre is heavily wounded.
You block the ogre's attack.
You closely miss the ogre.
The ogre is heavily wounded.
The ogre hits you with a +0 giant spiked club!
You die...

.# ..# . ...#
...#######+##..#
...............##.
...O.?....(.......
...######..##....
#########O### .
........@...#
............+
#...###....##
#######....#
#....#.....# #+#
#....'.....##..####
##..##+##..##.....#
##..##.##..##.....#
#.......'..##....#


You could see an ogre.

Vanquished Creatures
  Menkaure (D:5)
  A scorpion (D:5)
  A centaur zombie (D:3)
  A bullfrog skeleton (D:4)
  2 adders
  A worm (D:3)
  2 dart slugs
  2 orcs
  3 bats
  2 endoplasms
  7 goblins
  8 hobgoblins
  8 jackals (D:1)
  A kobold (D:1)
  A quokka (D:1)
  4 ball pythons
  2 frilled lizards (D:3)
  5 rats
52 creatures vanquished.

Notes
Turn   | Place    | Note
-------+----------+-------------------------------------------
     0 | D:1      | st0uf the Gargoyle Fighter began the quest for the Orb.
     0 | D:1      | Reached XP level 1. HP: 14/14 MP: 1/1
   130 | D:1      | Reached XP level 2. HP: 14/19 MP: 2/2
   875 | D:1      | Reached XP level 3. HP: 11/23 MP: 3/3
  1220 | D:2      | Found a faded altar of an unknown god.
  1247 | D:2      | You fall into a shaft and drop 2 floors!
  1532 | D:3      | Reached XP level 4. HP: 21/29 MP: 4/4
  1970 | D:4      | Reached XP level 5. HP: 29/33 MP: 5/5
  2109 | D:4      | Found the +2 shield of Resistance {rF++ rC++ Will++}
  2891 | D:5      | Entered Level 5 of the Dungeon
  2896 | D:5      | Noticed an ogre
  3070 | D:5      | Noticed Menkaure
  3080 | D:5      | Killed Menkaure
  3081 | D:5      | Reached XP level 6. HP: 14/38 MP: 6/6
  3313 | D:5      | Slain by an ogre

Illustrated notes

Levels and vault maps discovered:
D:1:      dpeg_arrival_fog, layout_basic, minmay_pentomino_u2
D:2:      layout_loops_ring, hellmonk_ecumenical_altar_pennies_from_heaven,
          minmay_divided_ellipse
D:3:      layout_loops_ring
D:4:      layout_cave_pools, patterned_corridor
D:5:      layout_gridville, uniq_menkaure

Skill      XL: |  1  2  3  4  5 |
---------------+----------------+-----
Shields        | 4 |  4.6
Maces & Flails | 3 4 |  4.4
Fighting       | 4 |  4.1
Armour         | 4 |  4.5
Stealth        | |  0.2

Action                   |  1- 3 |  4- 6 || total
-------------------------+-------+-------++-------
Melee: Flail             |    74 |       ||    74
       Mace              |    75 |    94 ||   169
Armor: Scale mail        |    80 |    30 ||   110
Dodge: Dodged            |    60 |    29 ||    89
Block: Kite shield       |   104 |    66 ||   170

Table legend: (Time is in decaauts)
 A = Elapsed time spent in this place.
 B = Non-inter-level travel time spent in this place.
 C = Inter-level travel time spent in this place.
 D = Time resting spent in this place.
 E = Time spent auto-exploring this place.
 F = Levels seen in this place.
 G = Mean time per level.
                   A        B        C        D        E       F      G
               +--------+--------+--------+--------+--------+-----+--------+
         Total |   3437 |   3256 |    181 |    642 |   1898 |   5 |  687.4 |
       Dungeon |   3437 |   3256 |    181 |    642 |   1898 |   5 |  687.4 |
               +--------+--------+--------+--------+--------+-----+--------+

Top non-repeatable levels by time:
     D:1: 1280 daAuts
     D:3: 974 daAuts
     D:4: 715 daAuts
     D:5: 434 daAuts
     D:2: 32 daAuts
